 Dungeon Crawl Stone Soup version 0.30-a0-743-gbfdf073431 (webtiles) character file.

Game seed: 16726667951553989812

21 DEFE the Covered (level 2, 0/21 HPs)
             Began as a Demonspawn Wanderer on Feb 7, 2023.
             Slain by a hobgoblin (1 damage)
             ... led by Robin
             ... on level 2 of the Dungeon.
             The game lasted 00:00:39 (886 turns).

DEFE the Covered (Demonspawn Wanderer)               Turns: 886, Time: 00:00:39

Health: 0/21       AC:  6    Str: 14    XL:     2   Next: 65%
Magic:  5/5        EV:  9    Int: 13    God:
Gold:   25         SH:  0    Dex: 10    Spells: 4/5 levels left

rFire   . . .      SeeInvis .    a - +0 spear
rCold   . . .      Faith    .    (no shield)
rNeg    . . .      Spirit   .    b - +0 scale mail
rPois   .          Reflect  .    (no helmet)
rElec   .          Harm     .    (no cloak)
rCorr   .          Rampage  .    (no gloves)
Will    .....                    (no boots) Stlth
                                 h - amulet of the acrobat
HPRegen 0.23/turn                (no ring)
MPRegen 0.18/turn                (no ring)

@: no status effects
A: magic regeneration
a: no special abilities


You were on level 2 of the Dungeon.
You visited 1 branch of the dungeon, and saw 2 of its levels.

You collected 25 gold pieces.

Inventory:

Hand Weapons
 a - a +0 spear (weapon)
 l - a +3 dagger
Armour
 b - a +0 scale mail (worn)
Jewellery
 h - an amulet of the acrobat (around neck)
Scrolls
 f - a scroll of blinking {unknown}
 i - a scroll of brand weapon {unknown}
 j - a scroll of immolation {unknown}
 k - a scroll of identify {unknown}
 m - a scroll of magic mapping {unknown}
Potions
 c - 2 potions of lignification
 d - a potion of curing {unknown}
 e - a potion of brilliance {unknown}
 g - 2 potions of invisibility {unknown}


   Skills:
 - Level 1.0 Fighting
 + Level 2.5 Polearms
 - Level 3.6 Armour
 - Level 2.0 Spellcasting
 - Level 1.7 Transmutations


You had 4 spell levels left.
You knew the following spells:

 Your Spells              Type           Power      Damage    Failure   Level
a - Beastly Appendage     Tmut           10%        N/A       45%         1

Your spell library contained the following spells:

 Spells                   Type           Power      Damage    Failure   Level
 Sting                    Tmut/Pois      12%        1d3       58%         1
 Wereblood                Tmut           5%         N/A       58%         2
 Freeze                   Ice            4%         1d3       71%         1
 Kiss of Death            Conj/Necr      4%         2d5       71%         1
 Passwall                 Tmut/Erth      2%         N/A       73%         2


Dungeon Overview and Level Annotations

Branches:
Dungeon (2/15)

Altars:

Annotations:
D:2 Robin


Innate Abilities, Weirdness & Mutations

You regenerate magic rapidly.


Message History

The hobgoblin hits you.
You take 5 damage, and have 14/21 hp.
MASSIVE DAMAGE!!
You hit the goblin.
You kill the goblin!
The hobgoblin hits you.
You take 2 damage, and have 12/21 hp.
Unknown command.
Things that are here:
a +0 club; a goblin corpse Robin throws the goblin at you!
The goblin completely misses you.
Unknown command.
You hit the hobgoblin. The hobgoblin closely misses you.
The goblin hits you with a +0 club.
Robin roars a battlecry!
The goblin goes into a battle-frenzy!
You take 2 damage, and have 10/21 hp.
Unknown command.
You miss the goblin.
The hobgoblin hits you but does no damage.
The goblin hits you with a +0 club.
You take 1 damage, and have 9/21 hp.
Unknown command.
You closely miss the goblin. The hobgoblin misses you.
A goblin comes into view. It is wielding a +0 club.
The goblin hits you but does no damage.
You closely miss the goblin. The hobgoblin barely misses you.
The goblin closely misses you.
Unknown command.
You completely miss the goblin.
The hobgoblin hits you but does no damage.
The goblin completely misses you. Robin throws the goblin at you!
Unknown command.
You barely miss the goblin. The hobgoblin hits you.
The goblin hits you with a +0 club. x2
* * * LOW HITPOINT WARNING * * *
You take 8 damage, and have 1/21 hp.
MASSIVE DAMAGE!!
You closely miss the goblin. The hobgoblin hits you.
You die...

###### #....# #....#
#....#
#...g##########...
#....@gggg<.....#
#...g####g#...###
#....####.#.#.#
#>........#.# gg
############....######.#
g.. ..............### .#
.. ...................
.# . ...........########
.. #######.##...#


You could see Robin, 2 hobgoblins and 4 goblins.

Vanquished Creatures
  2 bats (D:1)
  An endoplasm (D:2)
  2 giant cockroaches (D:1)
  5 goblins
  3 hobgoblins
  2 frilled lizards (D:1)
  A kobold (D:2)
  2 rats (D:1)
18 creatures vanquished.

Notes
Turn   | Place    | Note
-------+----------+-------------------------------------------
     0 | D:1      | DEFE the Demonspawn Wanderer began the quest for the Orb.
     0 | D:1      | DEFE set off with the following items: a +0 spear, a +0
                  | scale mail, a potion of lignification; and the following
                  | spell memorised: Beastly Appendage; and the following
                  | spells available to memorise: Wereblood, Passwall.
     0 | D:1      | Reached XP level 1. HP: 15/15 MP: 3/3
     5 | D:1      | Got An Initiation into Theurgy
   177 | D:1      | Gained mutation: You regenerate magic rapidly. [demonic
                  | ancestry]
   177 | D:1      | Reached XP level 2. HP: 21/21 MP: 5/5
   212 | D:1      | Found a faded altar of an unknown god.
   864 | D:2      | Noticed Robin
   885 | D:2      | HP: 1/21 [goblin/+0 club[Robin] (6)]
   886 | D:2      | Slain by a hobgoblin

Illustrated notes

Levels and vault maps discovered:
D:1:      minmay_arrival_open_corners, layout_basic,
          ebering_ecumenical_altar_box, minmay_misc_feat_more_columns
D:2:      minmay_general_purpose_star, layout_rooms, uniq_robin,
          uniq_crazy_yiuf_cottage

Skill      XL: |  1  2 |
---------------+-------+-----
Polearms       | 2 |  2.5
Fighting       | |  1.0
Armour         | |  3.6
Spellcasting   | |  2.0
Transmutations | |  1.7

Action                     || total
---------------------------++-------
  Melee: Spear             ||    71
 Armour: Scale mail        ||    23
  Dodge: Dodged            ||    27

Table legend: (Time is in decaauts)
 A = Elapsed time spent in this place.
 B = Non-inter-level travel time spent in this place.
 C = Inter-level travel time spent in this place.
 D = Time resting spent in this place.
 E = Time spent auto-exploring this place.
 F = Levels seen in this place.
 G = Mean time per level.
                   A        B        C        D        E       F      G
               +--------+--------+--------+--------+--------+-----+--------+
         Total |    885 |    871 |     14 |      0 |    724 |   2 |  442.5 |
       Dungeon |    885 |    871 |     14 |      0 |    724 |   2 |  442.5 |
               +--------+--------+--------+--------+--------+-----+--------+

Top non-repeatable levels by time:
     D:1: 758 daAuts
     D:2: 127 daAuts
